 Dungeon Crawl Stone Soup version 0.30-a0-639-g3916f1956a (webtiles) character file.

Game seed: 13173218190322193305

69 ryw the Chopper (level 4, -2/28 HPs)
             Began as a Gargoyle Fighter on Jan 17, 2023.
             Slain by a gnoll
             ... wielding a +0 flail
              (10 damage)
             ... on level 2 of the Dungeon.
             The game lasted 00:01:29 (1188 turns).

ryw the Chopper (Gargoyle Fighter)                  Turns: 1188, Time: 00:01:30

Health: -2/28      AC: 11    Str: 22    XL:     4   Next: 20%
Magic:  4/4        EV:  9    Int:  8    God:
Gold:   108        SH:  4    Dex:  9    Spells: 3/3 levels left

rFire   . . .      SeeInvis .    a - +0 war axe
rCold   . . .      Faith    .    c - +0 buckler
rNeg    + . .      Spirit   .    b - +0 scale mail
rPois   ∞          Reflect  .    (no helmet)
rElec   +          Harm     .    (no cloak)
rCorr   .          Rampage  .    e - +0 pair of gloves
Will    .....                    (no boots) Stlth
                                 (no amulet)
HPRegen 0.24/turn                (no ring)
MPRegen 0.09/turn                (no ring)

@: mighty
A: sickness immunity, AC +3, negative energy resistance 1, electricity
resistance, torment resistance 1, petrification resistance
a: no special abilities


You were on level 2 of the Dungeon.
You visited 1 branch of the dungeon, and saw 2 of its levels.

You collected 108 gold pieces.

Inventory:

Hand Weapons
 a - a +0 war axe (weapon)
Missiles
 m - 5 boomerangs (quivered)
Armour
 b - a +0 scale mail (worn)
 c - a +0 buckler (worn)
 e - a +0 pair of gloves (worn)
Scrolls
 f - a scroll of vulnerability {unknown}
Potions
 h - a potion of lignification {unknown}
 i - a potion of flight {unknown}
 j - a potion of mutation {unknown}
 n - a potion of brilliance {unknown}


   Skills:
 - Level 3.2 Fighting
 * Level 4.0 Axes
 - Level 3.2 Armour
 - Level 3.2 Shields


You had 3 spell levels left.
You didn't know any spells.
Your spell library was empty.

Dungeon Overview and Level Annotations

Branches:
Dungeon (2/15)

Altars:


Innate Abilities, Weirdness & Mutations

You are immune to sickness and miasma.
Your stone body is resilient. (AC +3)
You are immune to poison.
You resist negative energy. (rN+)
You are resistant to electric shocks. (rElec)
You are resistant to unholy torment.
You are immune to petrification.


Message History

The gnoll shouts!
A gnoll comes into view. It is wielding a +0 flail.
The gnoll shouts!
You hear a shout!
A gnoll comes into view. It is wielding a +0 flail.
A gnoll comes into view. It is wielding a +0 whip.
The gnoll shouts!
The gnoll hits you with a +0 halberd.
You closely miss the gnoll. The gnoll misses you.
The gnoll hits you but does no damage.
You slash the gnoll!
The gnoll is heavily wounded.
The gnoll hits you with a +0 halberd.
You closely miss the gnoll.
The gnoll is heavily wounded.
The gnoll barely misses you.
You slash the gnoll!
You kill the gnoll!
The gnoll hits you but does no damage.
Your Axes skill increases to level 4!
You hit the gnoll.
The gnoll is moderately wounded.
The gnoll hits you with a +0 flail.
You hit the gnoll but do no damage.
The gnoll is moderately wounded.
The gnoll hits you with a +0 flail.
You hit the gnoll but do no damage.
The gnoll is moderately wounded.
The gnoll hits you with a +0 flail!
* * * LOW HITPOINT WARNING * * *
You closely miss the gnoll.
The gnoll is moderately wounded.
The gnoll misses you. You block the gnoll's attack.
You hit the gnoll.
The gnoll is severely wounded.
The gnoll hits you with a +0 flail.
* * * LOW HITPOINT WARNING * * *
You feel better. The gnoll closely misses you.
You feel very mighty all of a sudden. The gnoll hits you with a +0 flail!
You die...

##.##.# #.#
...##.# #.####
#..##.# #.##..
...##.## #.##.#
...##..## #.##.#
........## #.##g#
.##..#...# #.##g#
..##.##### ##.##g#
...#.## #..##@#
.#....######.###.#
.###.........# #.#
.###.........# #.#
#..........#.###.#
...........#.##..#
...........#.##.##
.........###..#.#
.........#
##...####


You could see 3 gnolls.

Vanquished Creatures
  An iguana (D:2)
  A gnoll (D:2)
  An adder (D:2)
  A worm (D:2)
  4 endoplasms
  A hobgoblin (D:1)
  2 jackals (D:2)
  A kobold (D:1)
  A quokka (D:1)
  3 ball pythons
  A bat (D:2)
  2 frilled lizards (D:1)
  A goblin (D:1)
  3 rats (D:1)
23 creatures vanquished.

Notes
Turn   | Place    | Note
-------+----------+-------------------------------------------
     0 | D:1      | ryw the Gargoyle Fighter began the quest for the Orb.
     0 | D:1      | Reached XP level 1. HP: 14/14 MP: 1/1
   117 | D:1      | Reached skill level 2 in Axes
   236 | D:1      | Reached XP level 2. HP: 16/19 MP: 2/2
   643 | D:2      | Reached skill level 3 in Axes
   643 | D:2      | Reached XP level 3. HP: 12/23 MP: 3/3
   741 | D:2      | Found a faded altar of an unknown god.
  1081 | D:2      | Reached XP level 4. HP: 21/28 MP: 4/4
  1182 | D:2      | Reached skill level 4 in Axes
  1188 | D:2      | Slain by a gnoll

Illustrated notes

Levels and vault maps discovered:
D:1:      dpeg_arrival_more_subterranean_lakeside_camping, layout_loops_ring,
          minivault_14, minmay_pentomino_r4
D:2:      layout_rooms, shapermc_ecumenical_altar_mp_vishouse

Skill      XL: |  1  2  3  4 |
---------------+-------------+-----
Axes           | 2 3 4 |  4.0
Fighting       | |  3.2
Armour         | |  3.2
Shields        | |  3.2

Action                   |  1- 3 |  4- 6 || total
-------------------------+-------+-------++-------
Melee: War axe           |    73 |     9 ||    82
  Use: Scroll            |     5 |       ||     5
       Potion            |       |     2 ||     2
Armor: Scale mail        |    41 |     2 ||    43
Dodge: Dodged            |    45 |     4 ||    49
Block: Buckler           |    16 |     1 ||    17

Table legend: (Time is in decaauts)
 A = Elapsed time spent in this place.
 B = Non-inter-level travel time spent in this place.
 C = Inter-level travel time spent in this place.
 D = Time resting spent in this place.
 E = Time spent auto-exploring this place.
 F = Levels seen in this place.
 G = Mean time per level.
                   A        B        C        D        E       F      G
               +--------+--------+--------+--------+--------+-----+--------+
         Total |   1221 |   1185 |     36 |      0 |    958 |   2 |  610.5 |
       Dungeon |   1221 |   1185 |     36 |      0 |    958 |   2 |  610.5 |
               +--------+--------+--------+--------+--------+-----+--------+

Top non-repeatable levels by time:
     D:1: 653 daAuts
     D:2: 568 daAuts
